 Dungeon Crawl Stone Soup version 0.16.1-30-g34a7ffa (webtiles) character file.

371 Goblin1989 the Insei (level 6, 0/44 HPs)
             Began as a Demonspawn Gladiator on June 14, 2015.
             Killed by divine providence
             ... invoked by an orc priest
              (15 damage)
             ... on level 4 of the Dungeon.
             The game lasted 00:17:46 (4467 turns).

Goblin1989 the Insei (Demonspawn Gladiator)         Turns: 4467, Time: 00:17:46

Health: 0/44       AC:  4    Str: 15    XL:     6   Next: 42%
Magic:  6/6        EV: 12    Int: 10    God:
Gold:   136        SH:  0    Dex: 15    Spells: 0 memorised, 5 levels left

rFire  . . .     SeeInvis .       - Unarmed
rCold  . . .     Clarity  .     b - +0 leather armour
rNeg   . . .     SustAb   .     (no shield)
rPois  .         Gourm    .     c - +0 helmet
rElec  .         Spirit   .     (no cloak)
rCorr  .         Warding  .     (no gloves)
rMut   .         Stasis   .     (no boots)
MR     +....                    (no amulet)
Stlth  +.........               (no ring)
                                (no ring)

@: somewhat resistant to hostile enchantments, very unstealthy
A: demonic guardian 1, magic resistance 1, mutation resistance 1, spiny 3
a: no special abilities


You were on level 4 of the Dungeon.
You were not hungry.

You visited 1 branch of the dungeon, and saw 4 of its levels.

You collected 136 gold pieces.

Inventory:

Hand weapons
 t - a +0 hand crossbow
Missiles
 d - 3 throwing nets (quivered)
 u - 29 bolts
Armour
 b - a +0 leather armour (worn)
 c - a +0 helmet (worn)
 k - a +0 scale mail
Jewellery
 s - an uncursed amulet of clarity {unknown}
Magical devices
 o - a wand of cold (5)
Scrolls
 e - 6 scrolls of teleportation
 g - 2 scrolls of remove curse {unknown}
 i - 4 scrolls of identify {unknown}
 j - 2 scrolls of fog {unknown}
 l - a scroll of immolation {unknown}
 q - a scroll of blinking {unknown}
Potions
 h - 5 potions of curing
Comestibles
 a - 2 bread rations
 n - a slice of pizza


   Skills:
 - Level 2.0 Fighting
 - Level 1.7 Throwing
 - Level 2.6 Dodging
 + Level 6.7 Unarmed Combat


You had 5 spell levels left.
You didn't know any spells.

Dungeon Overview and Level Annotations

Branches:
Dungeon (4/15)
 Temple: D:4-7

Altars:
Kikubaaqudgha
Nemelex Xobeh
Qazlal

Annotations:
D:2 1 exclusion
D:3 drasked1's ghost, average DsCK


Innate Abilities, Weirdness & Mutations

A weak demonic guardian rushes to your aid.
You are completely covered in sharp spines.
You are resistant to hostile enchantments.
You are somewhat resistant to further mutation.


Message History

You closely miss the hound.
The hound is severely wounded.
The hound stops to sniff the ground.
The hound bites you.
Unknown command.
You hit the hound. You punch the hound.
You kill the hound!
You barely miss the orc priest. You closely miss the orc priest.
The orc priest hits you with a hand axe.
You hit the orc priest but do no damage.
The orc priest barely misses you.
You hit the orc priest.
The orc priest is lightly wounded.
The orc priest hits you but does no damage.
You punch the orc priest!
The orc priest is severely wounded.
The orc priest mumbles some strange prayers to Beogh against you.
Something smites you!
You die...

####♣.♣#####
#..........#
##...♣.♣##..#
##.o###.#
#### #h.##
♣.♣ ####5##
#.#
...####._..#
♣.♣
.o.o..h.##.#
#o# ###
...#######..#
♣@♣ #.# .#.#
#5# ##.# P ..
♣.♣##.## .
#.# #.....#
P♣ .# ####.##
.# #.# . #.#
.. #.# ♣♣♣.
#.#


You could see an orc priest and a friendly ufetubus.

Vanquished Creatures
  Sigmund (D:2)
  A hound (D:4)
  An orc wizard (D:3)
  A worker ant (D:3)
  A hound skeleton (D:3)
  Terence (D:2)
  7 adders
  4 gnolls (D:2)
  An adder zombie (D:1)
  2 giant geckos
  An ooze (D:1)
  3 orcs
  6 bats
  A bat zombie (D:1)
  7 goblins
  9 hobgoblins
  8 kobolds
  2 quokkas
  A ball python (D:2)
  2 giant newts
  17 rats
77 creatures vanquished.

Vanquished Creatures (collateral kills)
  An orc wizard (D:3)
  An orc (D:4)
2 creatures vanquished.

Vanquished Creatures (others)
  A crimson imp (D:3)
  An iron imp (D:3)
2 creatures vanquished.

Grand Total: 81 creatures vanquished

Notes
Turn   | Place    | Note
--------------------------------------------------------------
     0 | D:1      | Goblin1989, the Demonspawn Gladiator, began the quest for the Orb.
     0 | D:1      | Reached XP level 1. HP: 16/16 MP: 1/1
   145 | D:1      | Reached skill level 3 in Unarmed Combat
   432 | D:1      | Gained mutation: You are partially covered in sharp spines. [demonic ancestry]
   432 | D:1      | Reached XP level 2. HP: 19/22 MP: 2/2
   648 | D:2      | Noticed Sigmund
   953 | D:2      | Noticed Terence
   969 | D:2      | Killed Terence
   969 | D:2      | Gained mutation: You are mostly covered in sharp spines. [demonic ancestry]
   969 | D:2      | Reached XP level 3. HP: 7/27 MP: 3/3
  1196 | D:2      | Reached skill level 4 in Unarmed Combat
  1703 | D:2      | Gained mutation: A weak demonic guardian rushes to your aid. [demonic ancestry]
  1703 | D:2      | Reached XP level 4. HP: 30/33 MP: 4/4
  2259 | D:2      | Killed Sigmund
  2259 | D:2      | Reached skill level 5 in Unarmed Combat
  2259 | D:2      | Reached XP level 5. HP: 29/38 MP: 5/5
  3209 | D:3      | Reached skill level 6 in Unarmed Combat
  3259 | D:3      | Found an ancient bone altar of Kikubaaqudgha.
  3290 | D:3      | Gained mutation: You are completely covered in sharp spines. [demonic ancestry]
  3290 | D:3      | Reached XP level 6. HP: 28/44 MP: 6/6
  3687 | D:3      | Found a stormy altar of Qazlal.
  3778 | D:3      | Noticed drasked1's ghost (average DsCK)
  4014 | D:2      | Gained mutation: You are resistant to hostile enchantments. [potion of mutation]
  4014 | D:2      | Gained mutation: You are somewhat resistant to further mutation. [potion of mutation]
  4426 | D:4      | Found a sparkling altar of Nemelex Xobeh.
  4467 | D:4      | Killed from afar by an orc priest

Action                   |  1- 3 |  4- 6 || total
-------------------------+-------+-------++-------
Melee: Unarmed           |   135 |   170 ||   305
Throw: Throwing net      |       |     1 ||     1
  Use: Potion            |     1 |     4 ||     5
 Stab: Held in net/web   |       |     2 ||     2
  Eat: Chunk             |     2 |     9 ||    11
